 Dungeon Crawl Stone Soup version 0.23.2-1-ga50397a (webtiles) character file.

Game seed: 1780681791052969755

231 Kairos the Shield-Bearer (level 5, 0/49 HPs)
             Began as a Deep Dwarf Fighter on Apr 24, 2019.
             Was an Initiate of Gozag.
             Slain by Pikel
             ... wielding a +2 whip of electrocution
              (16 damage)
             ... on level 4 of the Dungeon.
             The game lasted 00:05:53 (2411 turns).

Kairos the Shield-Bearer (Deep Dwarf Fighter)       Turns: 2411, Time: 00:05:55

Health: 0/49       AC: 11    Str: 21    XL:     5   Next: 73%
Magic:  5/5        EV:  9    Int:  8    God:    Gozag
Gold:   95         SH: 10    Dex: 12    Spells: 4/4 levels left

rFire    . . .     SeeInvis .   a - +0 war axe
rCold    . . .     Gourm    .   c - +0 shield
rNeg     . . .     Faith    .   p - +0 chain mail
rPois    .         Spirit   .   (no helmet)
rElec    .         Reflect  .   (no cloak)
rCorr    .         Harm     .   q - +1 pair of gloves
MR       .....                  (no boots)
Stlth    ..........             (no amulet)
HPRegen  0.00/turn              l - +3 ring of evasion
MPRegen  0.09/turn              (no ring)

@: non-regenerating, lightly drained
A: damage resistance, heal wounds, sense surroundings 1, no regeneration
a: Heal Wounds, Potion Petition, Call Merchant, Bribe Branch, Renounce Religion


You were on level 4 of the Dungeon.
You worshipped Gozag.
Gozag was noncommittal.
You were not hungry.

You visited 2 branches of the dungeon, and saw 5 of its levels.

You collected 126 gold pieces.
You paid 31 gold pieces to Gozag.

Inventory:

Hand Weapons
 a - a +0 war axe (weapon)
Armour
 b - a +0 scale mail
 c - a +0 shield (worn)
 p - a +0 chain mail (worn)
 q - a +1 pair of gloves (worn)
Jewellery
 l - a +3 ring of evasion (left hand)
Wands
 k - a wand of iceblast (4)
Scrolls
 e - a scroll of remove curse {unknown}
 i - 3 scrolls of teleportation
 n - a scroll of enchant weapon
 o - 2 scrolls of blinking
Potions
 d - a potion of might
 g - 2 potions of lignification {unknown}
 h - a potion of haste {unknown}
 j - a potion of ambrosia {unknown}
 m - a potion of agility {unknown}
Comestibles
 f - 7 rations


   Skills:
 + Level 3.3 Fighting
 + Level 4.4 Axes
 + Level 4.1 Armour
 + Level 0.9 Dodging
 + Level 4.6 Shields


You had 4 spell levels left.
You didn't know any spells.
Your spell library contained the following spells:

 Spells                   Type           Power        Failure   Level  Hunger
 Animate Skeleton         Necr           N/A          100%        1    ##.....
 Apportation              Tloc           #.....       100%        1    ##.....
 Confusing Touch          Hex            #.....       100%        1    ##.....
 Summon Small Mammal      Summ           #...         100%        1    ##.....


Dungeon Overview and Level Annotations

Branches:
Dungeon (4/15)             Temple (1/1) D:4

Altars:
Cheibriados
Dithmenos
Elyvilon
Fedhas
Gozag
Hepliaklqana
Kikubaaqudgha
Nemelex Xobeh
Okawaru
Qazlal
Ru
Sif Muna
Trog
Uskayaw
Yredelemnul
Zin
The Shining One

Annotations:
D:4 Pikel


Innate Abilities, Weirdness & Mutations

You are resistant to damage.
You can heal yourself by infusing magical energy.
You passively map a small area around you.
You do not regenerate.


Message History

You block Pikel's attack.
Your chain mail prevents you from hitting Pikel.
Pikel is moderately wounded.
You block Pikel's attack.
You barely miss Pikel.
Pikel is moderately wounded.
Pikel hits you with a +2 whip of electrocution.
You block Pikel's attack.
You hit Pikel.
Pikel is moderately wounded.
Pikel barely misses you.
The slave shouts!
You slash Pikel!
Pikel is severely wounded.
You hear a shout! x2
You block Pikel's attack.
A slave comes into view.
Pikel hits you but does no damage.
You are electrocuted!!
You die...
Your body crumbles into a pile of gold.

#####.# #.####.#.# #.# ##+##* *
#####.# #......#.# #.###...## #
......# #......# #.##.....#.#
#.###.# #.....## #.#........#
...##.######.#...###..........#.
...............p......p......$..
...##.######.#.p..............#.
#.#...# #..#K######.......##
###...### ##.##@.## ##.....##
#.......# ##...##..# ##...##
#.......###.....##.# ##+##
.........#.......#[# *
.##...##....._.....# ,
.##...####.......### .###.##
##.....## , , .# #.# ##...##, .#
#.# ##.##* * ,,


You could see Pikel and 2 slaves.

Vanquished Creatures
  A slave (D:4)
  A hound (D:4)
  A centaur skeleton (D:4)
  Terence (D:3)
  A gnoll (D:1)
  6 adders
  An ooze (D:3)
  A worm (D:3)
  2 dart slugs (D:1)
  3 leopard geckos
  5 giant cockroaches
  4 goblins
  8 hobgoblins
  10 jackals
  7 kobolds
  A ball python (D:1)
  11 bats
  4 frilled lizards
  6 rats
74 creatures vanquished.

Notes
Turn   | Place    | Note
-------+----------+-------------------------------------------
     0 | D:1      | Kairos the Deep Dwarf Fighter began the quest for the Orb.
     0 | D:1      | Reached XP level 1. HP: 20/20 MP: 1/1
    23 | D:1      | Reached XP level 2. HP: 24/27 MP: 2/2
    74 | D:1      | Reached XP level 3. HP: 29/34 MP: 3/3
   663 | D:2      | Reached XP level 4. HP: 32/42 MP: 4/4
   912 | D:2      | Found a bloodstained altar of Trog.
  1214 | D:3      | Found a blossoming altar of Fedhas.
  1654 | D:3      | Reached XP level 5. HP: 31/49 MP: 5/5
  1669 | D:3      | Noticed Terence
  1679 | D:3      | Killed Terence
  1802 | D:4      | Found a staircase to the Ecumenical Temple.
  1809 | Temple   | Entered the Ecumenical Temple
  2047 | Temple   | Became a worshipper of Gozag Ym Sagoz the Greedy
  2336 | D:4      | Found a sacrificial altar of Ru.
  2346 | D:4      | Noticed a slave
  2363 | D:4      | Killed a slave
  2391 | D:4      | Noticed Pikel
  2397 | D:4      | Noticed a slave
  2411 | D:4      | Noticed a slave
  2411 | D:4      | Slain by Pikel

Skill      XL: |  1  2  3  4  5 |
---------------+----------------+-----
Fighting       | 3 |  3.3
Shields        | 4 |  4.6
Axes           | 3 4 |  4.4
Armour         | 4 |  4.1
Dodging        | |  0.9

Action                   |  1- 3 |  4- 6 || total
-------------------------+-------+-------++-------
Melee: War axe           |   130 |   129 ||   259
Evoke: Wand              |       |     1 ||     1
  Use: Scroll            |     1 |     3 ||     4
  Eat: Chunk             |       |     5 ||     5
Armor: Scale mail        |    69 |    54 ||   123
       Chain mail        |       |    10 ||    10
Dodge: Dodged            |    40 |    48 ||    88
Block: Shield            |    69 |    69 ||   138
